 Dungeon Sprint DCSS version 0.29-a0-398-ge13fd1374b (webtiles) character file.

Game seed: 981309270634030806

3400000 Zeld the Intangible (level 19, -31/174 HPs)
             Began as a Djinni Monk on May 12, 2022.
             Was the Champion of Makhleb.
             Annihilated by The Servant
             ... wielding a +9 glaive of flaming
              (140 damage)
             ... in the Dungeon (Sprint VIII: "Arena of Blood").
             The game lasted 00:00:53 (34 turns).

Zeld the Intangible (Djinni Monk)                     Turns: 34, Time: 00:00:54

Health: -31/174    AC:  2    Str: 16    XL:     19   Next: 19%
Gold:   0          EV: 27    Int: 15    God:    Makhleb [******] SH:  0 Dex: 15

rFire   + + .      SeeInvis .   h - +∞ Axe of Woe
rCold   x . .      Faith    .   (shield currently unavailable)
rNeg    . . .      Spirit   .   a - +0 robe
rPois   ∞          Reflect  .   (no helmet)
rElec   .          Harm     .   (no cloak)
rCorr   .          Rampage  .   (no gloves)
Will    +....      NoTele   +   (boots unavailable)
Stlth   ++++++++..              (no amulet)
HPRegen 0.39/turn               (no ring)
MPRegen 0.00/turn               (no ring)

@: flying
A: sickness immunity, fire resistance 2, cold vulnerability 1, float, innate
caster, HP casting, extra vitality 1
a: Renounce Religion, Minor Destruction, Lesser Servant of Makhleb, Major
Destruction, Greater Servant of Makhleb


You were in the Dungeon.
You worshipped Makhleb.
Makhleb was exalted by your worship.
You visited 1 branch

Inventory:

Hand Weapons
 h - the +∞ Axe of Woe (weapon)
   (You found it in the Dungeon)
Armour
 a - a +0 robe (worn)
Scrolls
 g - a scroll of blinking
Potions
 b - a potion of ambrosia
 c - a potion of curing
 d - a potion of heal wounds
 e - a potion of haste
 f - a potion of berserk rage


   Skills:
 O Level 27 Fighting
 O Level 27 Axes
 O Level 27 Dodging
 + Level 22.0 Stealth
 O Level 27 Unarmed Combat


You couldn't memorise any spells.
You knew the following spells:

 Your Spells              Type           Power      Damage    Failure   Level
a - Freeze                Ice            0%         1d3       26%         1
b - Call Imp              Summ           0%         N/A       38%         2
c - Poisonous Vapours     Pois/Air       0%         N/A       38%         2
d - Confusing Touch       Hex            0%         N/A       63%         3
e - Dispel Undead         Necr           0%         3d6       95%         4
f - Silence               Hex/Air        0%         N/A       100%        5
g - Dispersal             Tloc           0%         N/A       100%        6
h - Ozocubu's Refrigerat  Ice            0%         4d5       100%        7
i - Monstrous Menagerie   Summ           0%         N/A       100%        7
Your spell library was empty.


Dungeon Overview and Level Annotations

Branches:
Dungeon (1/1)

Altars:
Makhleb

Annotations:
D The Servant


Innate Abilities, Weirdness & Mutations

You are immune to sickness and miasma.
You are immune to poison.
Your flesh is very heat resistant. (rF++)
You are vulnerable to cold. (rC-)
You float through the air rather than walking.
You learn spells naturally, not from books.
Your magical power is your life essence.
You have superior vitality. (+4 MHP)


Message History

You hear a shout!
The Servant hits you from afar with a +9 glaive of flaming!!!
* * * LOW HITPOINT WARNING * * *
The Servant burns you!
* * * LOW HITPOINT WARNING * * *
You hear a shout! x4
Unknown command.
Unknown command.
Unknown command.
You slash the large bag of meat!
Flame seeps out of the large bag of meat.
You hew the large bag of meat savagely.
Makhleb accepts your kill.
You feel better.
You hit the destroyer.
You dissect the destroyer like a pig carcass.
You destroy the destroyer!
Makhleb accepts your kill.
You feel better.
You slice the bag of meat!!
You pulverise the bag of meat into a thin bloody mist.
You kill the bag of meat!
Makhleb accepts your kill.
You feel better.
You carve the bag of meat like a ham!!!
You butcher the bag of meat messily.
You kill the bag of meat!
Makhleb accepts your kill.
The large bag of meat explodes!
The fiery explosion engulfs you! You resist.
The fiery explosion engulfs the destroyer!!
The fiery explosion engulfs the bag of meat!!
You are engulfed in blazing flames.
You resist.
You hear a shout! x5
The bag of meat is engulfed in blazing flames.
A meat berserker comes into view. It is wielding a +9 battleaxe. x2
You hear a shout!
The destroyer is engulfed in blazing flames.
The destroyer points at you and mumbles some strange words.
The destroyer blinks!
The Servant hits you from afar with a +9 glaive of flaming!!!!
Ouch! That really hurt!
You die...

.. ..... #O. ...#
#.. ...# . .###..
...###..
O.....###......
....☼.☼.....
#☼@V..# #○)§§§#
#D)@oV#
......)§§§O......
......###o..§.O..
.###.. ...###...
#.. ...# .. #.
....# .. ..... .§
.......


You could see The Servant, an eight-headed meat hydra, 2 destroyers, 3 meat
berserkers and 2 bags of meat.

Vanquished Creatures
  2 vampire knights (D)
  8 ogres (D)
  2 two-headed ogres (D)
  10 orcs (D)
22 creatures vanquished.

Notes
Turn   | Place    | Note
-------+----------+-------------------------------------------
     0 | D        | Found the +∞ Axe of Woe
     0 | D        | Zeld the Djinni Monk began the quest for the Orb.
     0 | D        | Reached XP level 1. HP: 20/20 MP: 0/0
     2 | D        | Noticed a bag of meat
     4 | D        | Became a worshipper of Makhleb the Destroyer
     4 | D        | Reached * piety under Makhleb
     4 | D        | Reached ** piety under Makhleb
     6 | D        | Noticed a bag of meat
     8 | D        | Killed a bag of meat
     8 | D        | Noticed a meat berserker
     9 | D        | Reached skill level 15 in Fighting
     9 | D        | Reached skill level 5 in Stealth
     9 | D        | Reached XP level 2. HP: 43/43 MP: 0/0
     9 | D        | Reached XP level 3. HP: 49/49 MP: 0/0
     9 | D        | Learned a level 1 spell: Freeze
     9 | D        | Reached XP level 4. HP: 55/55 MP: 0/0
     9 | D        | Reached XP level 5. HP: 60/60 MP: 0/0
     9 | D        | Learned a level 2 spell: Call Imp
     9 | D        | Reached XP level 6. HP: 67/67 MP: 0/0
     9 | D        | Reached XP level 7. HP: 72/72 MP: 0/0
     9 | D        | Learned a level 2 spell: Poisonous Vapours
     9 | D        | Reached XP level 8. HP: 78/78 MP: 0/0
     9 | D        | Reached XP level 9. HP: 84/84 MP: 0/0
     9 | D        | Learned a level 3 spell: Confusing Touch
     9 | D        | Reached XP level 10. HP: 90/90 MP: 0/0
     9 | D        | Reached XP level 11. HP: 95/95 MP: 0/0
     9 | D        | Learned a level 4 spell: Dispel Undead
    10 | D        | Noticed a meat berserker
    12 | D        | Killed a bag of meat
    12 | D        | Noticed a meat berserker
    13 | D        | Reached XP level 12. HP: 106/106 MP: 0/0
    13 | D        | Killed a meat berserker
    13 | D        | Killed a meat berserker
    13 | D        | Reached *** piety under Makhleb
    13 | D        | Noticed a bag of meat
    14 | D        | Reached XP level 13. HP: 121/121 MP: 0/0
    14 | D        | Learned a level 5 spell: Silence
    14 | D        | Reached XP level 14. HP: 128/128 MP: 0/0
    14 | D        | Killed a meat berserker
    14 | D        | Noticed a bag of meat
    14 | D        | Noticed a bag of meat
    15 | D        | Reached XP level 15. HP: 137/137 MP: 0/0
    15 | D        | Learned a level 6 spell: Dispersal
    17 | D        | Reached **** piety under Makhleb
    19 | D        | Reached skill level 10 in Axes
    19 | D        | Noticed a large bag of meat
    19 | D        | Noticed a meat berserker
    20 | D        | Noticed a meat berserker
    22 | D        | Killed a large bag of meat
    22 | D        | Noticed a meat berserker
    23 | D        | Reached skill level 27 in Dodging
    23 | D        | Reached XP level 16. HP: 138/150 MP: 0/0
    24 | D        | Killed a meat berserker
    24 | D        | Reached ***** piety under Makhleb
    24 | D        | Noticed a meat berserker
    24 | D        | Noticed a large bag of meat
    25 | D        | Killed a meat berserker
    25 | D        | Noticed a meat berserker
    25 | D        | Noticed The Servant
    26 | D        | Reached skill level 27 in Fighting
    26 | D        | Reached skill level 10 in Stealth
    26 | D        | Reached XP level 17. HP: 142/160 MP: 0/0
    26 | D        | Learned a level 7 spell: Ozocubu's Refrigeration
    27 | D        | Killed a meat berserker
    27 | D        | Noticed a destroyer
    28 | D        | Reached skill level 27 in Unarmed Combat
    29 | D        | Killed a meat berserker
    30 | D        | Reached XP level 18. HP: 167/167 MP: 0/0
    30 | D        | Noticed a destroyer
    30 | D        | Killed a meat berserker
    31 | D        | Noticed a meat berserker
    31 | D        | Noticed a destroyer
    32 | D        | Noticed a destroyer
    32 | D        | Killed a destroyer
    32 | D        | Reached ****** piety under Makhleb
    32 | D        | Noticed an eight-headed meat hydra
    33 | D        | Reached skill level 27 in Axes
    33 | D        | Reached XP level 19. HP: 174/174 MP: 0/0
    33 | D        | Learned a level 7 spell: Monstrous Menagerie
    34 | D        | Killed a large bag of meat
    34 | D        | Killed a destroyer
    34 | D        | Noticed a meat berserker
    34 | D        | Noticed a meat berserker
    34 | D        | Annihilated by The Servant

Illustrated notes

Levels and vault maps discovered:
D:        meatsprint

Skill      XL: |  1  2  3  4  5  6  7  8  9 10 11 12 13 14 15 16 17 18 |
---------------+-------------------------------------------------------+-----
Fighting       | 15 17 21 22 25 27 | 27.0
Axes           | 2 3 7 8 12 16 23 27 | 27.0
Dodging        | 16 18 22 24 27 | 27.0
Stealth        | 5 7 8 9 10 13 22 | 22.0
Unarmed Combat | 14 16 20 21 24 26 27 | 27.0

Action                   |  1- 3 |  4- 6 |  7- 9 | 10-12 | 13-15 | 16-18 | 19-21 || total
-------------------------+-------+-------+-------+-------+-------+-------+-------++-------
Melee: Executioner's axe |     1 |       |       |     2 |     5 |     6 |     1 ||    15
Dodge: Dodged            |       |       |       |     1 |       |       |       ||     1

Table legend: (Time is in decaauts)
 A = Elapsed time spent in this place.
 B = Non-inter-level travel time spent in this place.
 C = Inter-level travel time spent in this place.
 D = Time resting spent in this place.
 E = Time spent auto-exploring this place.
 F = Levels seen in this place.
 G = Mean time per level.
                   A        B        C        D        E       F      G
               +--------+--------+--------+--------+--------+-----+--------+
         Total |     37 |     37 |      0 |      0 |      0 |   1 |   37.0 |
       Dungeon |     37 |     37 |      0 |      0 |      0 |   1 |   37.0 |
               +--------+--------+--------+--------+--------+-----+--------+

Top non-repeatable levels by time:
       D: 37 daAuts
